SAAA
PHOENIX HOTSPUR RESERVES @ JERSEY CITY SUN CAPS
09/01/2023
 
TOP OF THE 1ST
Phoenix Hotspur Reserves batting - Pitching for Jersey City Sun Caps : LHP Jim Unknown
Pitching: LHP Jim Unknown
Batting: RHB David Rivas 0-0: Foul Ball, location: 2F
0-1: Ball
1-1: Fly out, F8 (Flyball, 8LM)
Batting: LHB Cristo Aponte 0-0: Ground out 4-3 (Groundball, 4)
Batting: SHB Roberto López 0-0: Swinging Strike
0-1: Ball
1-1: Fly out, F7 (Flyball, 7D)
Top of the 1st over - 0 run(s), 0 hit(s), 0 error(s), 0 left on base; Phoenix 0 - Jersey City 0
BOTTOM OF THE 1ST
Jersey City Sun Caps batting - Pitching for Phoenix Hotspur Reserves : RHP Gabriel Hernández
Pitching: RHP Gabriel Hernández
Batting: RHB Brett Callison 0-0: Foul Ball, location: 2F
0-1: Ball
1-1: Ball
2-1: Foul Ball, location: 2F
2-2: Strikes out swinging
Batting: RHB Brandon Reed 0-0: Ball
1-0: Ground out 6-3 (Groundball, 6M)
Batting: LHB Marlon Randall 0-0: Swinging Strike
0-1: Ball
1-1: Ball
2-1: Foul Ball, location: 2F
2-2: Foul Ball, location: 2F
2-2: Foul Ball, location: 2F
2-2: Foul Ball, location: 2F
2-2: Ball
3-2: Base on Balls
Batting: RHB Tony Quintana 0-0: Ball
1-0: Ball
2-0: Called Strike
2-1: Foul Ball, location: 2F
2-2: Strikes out swinging
Bottom of the 1st over - 0 run(s), 0 hit(s), 0 error(s), 1 left on base; Phoenix 0 - Jersey City 0
TOP OF THE 2ND
Phoenix Hotspur Reserves batting - Pitching for Jersey City Sun Caps : LHP Jim Unknown
Batting: SHB Pedro Gómez 0-0: Ball
1-0: Ball
2-0: Ball
3-0: Called Strike
3-1: Ground out 5-3 (Groundball, 56)
Batting: RHB Ángel Rivera 0-0: Called Strike
0-1: Ball
1-1: Ground out 5-3 (Groundball, 56S)
Batting: RHB Al Thomas 0-0: Foul Ball, location: 2F
0-1: Ball
1-1: SINGLE (Line Drive, 7LM)
Batting: RHB Jesús Álvarez 0-0: Ball
1-0: Fielders Choice at 2nd, 5-4 (Groundball, 56)
Top of the 2nd over - 0 run(s), 1 hit(s), 0 error(s), 0 left on base; Phoenix 0 - Jersey City 0
BOTTOM OF THE 2ND
Jersey City Sun Caps batting - Pitching for Phoenix Hotspur Reserves : RHP Gabriel Hernández
Batting: RHB Matt Brown 0-0: Foul Ball, location: 2F
0-1: Ball
1-1: Called Strike
1-2: Ball
2-2: Strikes out looking
Batting: RHB Bryan Wilson 0-0: Called Strike
0-1: Foul Ball, location: 2F
0-2: Foul Ball, location: 2F
0-2: Ball
1-2: Strikes out swinging
Batting: RHB Roy Williams 0-0: Ball
1-0: Ball
2-0: Ball
3-0: Base on Balls
Batting: RHB Lindsay Stewart 0-0: Called Strike
0-1: Foul Ball, location: 2F
0-2: Ball
1-2: SINGLE (Line Drive, 56)
Roy Williams to second
Batting: RHB Adrian Barr 0-0: Ball
1-0: SINGLE (Groundball, 34S)
Roy Williams to third
Lindsay Stewart to second
Runner from 3rd tries for Home, throw and OUT!
Bottom of the 2nd over - 0 run(s), 2 hit(s), 0 error(s), 2 left on base; Phoenix 0 - Jersey City 0
TOP OF THE 3RD
Phoenix Hotspur Reserves batting - Pitching for Jersey City Sun Caps : LHP Jim Unknown
Batting: RHB Júlio Mateo 0-0: Called Strike
0-1: Ball
1-1: Ball
2-1: Fly out, F8 (Flyball, 78D)
Batting: LHB Derek Blair 0-0: Ball
1-0: Called Strike
1-1: Fly out, F2 (Popup, 25F)
Batting: RHB David Rivas 0-0: Called Strike
0-1: SINGLE (Line Drive, 4MD)
Batting: LHB Cristo Aponte 0-0: Called Strike
0-1: Ball
1-1: Ball
2-1: Ball
3-1: Reached on error, E3 (Groundball, 34)
David Rivas to second
Batting: SHB Roberto López 0-0: Called Strike
0-1: Foul Ball, location: 2F
0-2: Ball
1-2: Ball
Wild Pitch!
David Rivas to third
Cristo Aponte to second
2-2: Ground out 1-3 (Groundball, 13S)
Top of the 3rd over - 0 run(s), 1 hit(s), 1 error(s), 2 left on base; Phoenix 0 - Jersey City 0
BOTTOM OF THE 3RD
Jersey City Sun Caps batting - Pitching for Phoenix Hotspur Reserves : RHP Gabriel Hernández
Batting: RHB Brett Callison 0-0: Called Strike
0-1: Swinging Strike
0-2: Foul Ball, location: 2F
0-2: Ball
1-2: Strikes out swinging
Batting: RHB Brandon Reed 0-0: Called Strike
0-1: Ground out 1-3 (Groundball, 13S)
Batting: LHB Marlon Randall 0-0: Called Strike
0-1: Fly out, F8 (Flyball, 8RXD)
Bottom of the 3rd over - 0 run(s), 0 hit(s), 0 error(s), 0 left on base; Phoenix 0 - Jersey City 0
TOP OF THE 4TH
Phoenix Hotspur Reserves batting - Pitching for Jersey City Sun Caps : LHP Jim Unknown
Batting: SHB Pedro Gómez 0-0: Ball
1-0: Ball
2-0: Fly out, F9 (Line Drive, 9M)
Batting: RHB Ángel Rivera 0-0: Ball
1-0: SINGLE (Groundball, 6)
Batting: RHB Al Thomas 0-0: Called Strike
0-1: Ball
1-1: Called Strike
1-2: Ball
2-2: Strikes out swinging
Batting: RHB Jesús Álvarez 0-0: Ball
1-0: Ball
2-0: Ball
Wild Pitch!
Ángel Rivera to second
3-0: Called Strike
3-1: Called Strike
3-2: Strikes out looking
Top of the 4th over - 0 run(s), 1 hit(s), 0 error(s), 1 left on base; Phoenix 0 - Jersey City 0
BOTTOM OF THE 4TH
Jersey City Sun Caps batting - Pitching for Phoenix Hotspur Reserves : RHP Gabriel Hernández
Batting: RHB Tony Quintana 0-0: Ball
1-0: Foul Ball, location: 2F
1-1: Fly out, F7 (Flyball, 78D)
Batting: RHB Matt Brown 0-0: Ball
1-0: Foul Ball, location: 2F
1-1: Ball
2-1: Ball
3-1: Fly out, F7 (Line Drive, 7M)
Batting: RHB Bryan Wilson 0-0: Fly out, F8 (Flyball, 8LXD)
Bottom of the 4th over - 0 run(s), 0 hit(s), 0 error(s), 0 left on base; Phoenix 0 - Jersey City 0
TOP OF THE 5TH
Phoenix Hotspur Reserves batting - Pitching for Jersey City Sun Caps : LHP Jim Unknown
Batting: RHB Júlio Mateo 0-0: Foul Ball, location: 2F
0-1: Swinging Strike
0-2: Strikes out looking
Batting: LHB Derek Blair 0-0: SINGLE (Groundball, 4MD)
Batting: RHB David Rivas 0-0: Ball
1-0: Ball
Derek Blair is caught stealing 2nd base
2-0: Ball
3-0: Base on Balls
Batting: LHB Cristo Aponte 0-0: Ball
1-0: Fielders Choice at 2nd, 6-4 (Groundball, 6)
Top of the 5th over - 0 run(s), 1 hit(s), 0 error(s), 0 left on base; Phoenix 0 - Jersey City 0
BOTTOM OF THE 5TH
Jersey City Sun Caps batting - Pitching for Phoenix Hotspur Reserves : RHP Gabriel Hernández
Batting: RHB Roy Williams 0-0: Ball
1-0: Swinging Strike
1-1: Ball
2-1: Ball
3-1: Fly out, F4 (Popup, 3)
Batting: RHB Lindsay Stewart 0-0: Foul Ball, location: 2F
0-1: Swinging Strike
0-2: SINGLE (Groundball, 56D)
Batting: RHB Adrian Barr 0-0: Foul Ball, location: 2F
0-1: Ball
1-1: Ball
2-1: Ball
Lindsay Stewart is caught stealing 2nd base
3-1: Base on Balls
Pitching: RHP Pat McCormick
Batting: RHB Brett Callison 0-0: Called Strike
0-1: Fly out, F8 (Flyball, 8RM)
Bottom of the 5th over - 0 run(s), 1 hit(s), 0 error(s), 1 left on base; Phoenix 0 - Jersey City 0
TOP OF THE 6TH
Phoenix Hotspur Reserves batting - Pitching for Jersey City Sun Caps : LHP Jim Unknown
Batting: SHB Roberto López 0-0: Ball
1-0: Swinging Strike
1-1: Ball
2-1: Foul Ball, location: 2F
2-2: Foul Ball, location: 2F
2-2: Fly out, F8 (Flyball, 8LD)
Batting: SHB Pedro Gómez 0-0: SINGLE (Line Drive, 9S)
Batting: RHB Ángel Rivera 0-0: Ball
1-0: Fly out, F7 (Flyball, 7D)
Batting: RHB Al Thomas 0-0: Ball
1-0: Called Strike
1-1: Ball
2-1: Foul Ball, location: 2F
2-2: Fielders Choice at 2nd, U6 (Groundball, 6M)
Top of the 6th over - 0 run(s), 1 hit(s), 0 error(s), 1 left on base; Phoenix 0 - Jersey City 0
BOTTOM OF THE 6TH
Jersey City Sun Caps batting - Pitching for Phoenix Hotspur Reserves : RHP Pat McCormick
Batting: RHB Brandon Reed 0-0: Foul Ball, location: 2F
0-1: Ground out 2-3 (Groundball, 23)
Batting: LHB Marlon Randall 0-0: Called Strike
0-1: Ball
1-1: Called Strike
1-2: Strikes out looking
Batting: RHB Tony Quintana 0-0: Swinging Strike
0-1: Ball
1-1: Foul Ball, location: 2F
1-2: Ball
2-2: Strikes out swinging
Bottom of the 6th over - 0 run(s), 0 hit(s), 0 error(s), 0 left on base; Phoenix 0 - Jersey City 0
TOP OF THE 7TH
Phoenix Hotspur Reserves batting - Pitching for Jersey City Sun Caps : LHP Jim Unknown
Batting: RHB Jesús Álvarez 0-0: Ball
1-0: Swinging Strike
1-1: Called Strike
1-2: Ball
2-2: Ball
3-2: Base on Balls
Batting: RHB Júlio Mateo 0-0: Ball
1-0: Foul Ball, location: 2F
1-1: Ball
2-1: Called Strike
2-2: Foul Ball, location: 2F
2-2: Ball
3-2: Foul Ball, location: 2F
3-2: Base on Balls
Jesús Álvarez to second
Batting: LHB Derek Blair 0-0: Sac Bunt - play at first, batter OUT! 3-4
Jesús Álvarez to third
Júlio Mateo to second
Batting: RHB David Rivas 0-0: Intentional Walk
Pinch Hitting: SHB Jesús González 0-0: Foul Ball, location: 2F
0-1: Ball
1-1: Foul Ball, location: 2F
1-2: Fly out, F8 (Flyball, 8RM)
Runner from 3rd tags up, SCORES, no throw
Pitching: RHP Gilberto Soto
Batting: SHB Roberto López 0-0: Swinging Strike
0-1: Ball
1-1: Ball
2-1: Swinging Strike
2-2: Foul Ball, location: 2F
2-2: Fly out, F7 (Flyball, 7LM)
Top of the 7th over - 1 run(s), 0 hit(s), 0 error(s), 2 left on base; Phoenix 1 - Jersey City 0
BOTTOM OF THE 7TH
Jersey City Sun Caps batting - Pitching for Phoenix Hotspur Reserves : RHP Pat McCormick
Now at 2B: Don McCord
Batting: RHB Matt Brown 0-0: Ball
1-0: Called Strike
1-1: Ball
2-1: Ball
3-1: SINGLE (Line Drive, 89S)
Batting: RHB Bryan Wilson 0-0: Ball
1-0: Ball
2-0: Sac Bunt - play at second, runner safe!
Pitching: LHP Rick Mayer
Batting: RHB Roy Williams 0-0: 3-RUN HOME RUN (Flyball, 7LD), Distance : 344 ft
Batting: RHB Lindsay Stewart 0-0: Ball
1-0: Foul Ball, location: 2F
1-1: Ball
2-1: Swinging Strike
2-2: Strikes out looking
Batting: RHB Adrian Barr 0-0: Called Strike
0-1: Foul Ball, location: 2F
0-2: Ball
1-2: Ball
2-2: Strikes out looking
Batting: RHB Brett Callison 0-0: Ball
1-0: SOLO HOME RUN (Line Drive, 7D), Distance : 375 ft
Batting: RHB Brandon Reed 0-0: Fly out, F9 (Flyball, 9LS)
Bottom of the 7th over - 4 run(s), 3 hit(s), 0 error(s), 0 left on base; Phoenix 1 - Jersey City 4
TOP OF THE 8TH
Phoenix Hotspur Reserves batting - Pitching for Jersey City Sun Caps : RHP Gilberto Soto
Now at 2B: Harry Reynolds
Batting: SHB Pedro Gómez 0-0: Ball
1-0: Called Strike
1-1: Ball
2-1: Foul Ball, location: 2F
2-2: Ball
3-2: Foul Ball, location: 2F
3-2: SINGLE (Groundball, 56D)
Pitching: RHP Armando Martínez
Batting: RHB Ángel Rivera 0-0: Fly out, F7 (Flyball, 7S)
Batting: RHB Al Thomas 0-0: Ball
1-0: Swinging Strike
1-1: Foul Ball, location: 2F
1-2: Ball
2-2: Foul Ball, location: 2F
2-2: SINGLE (Groundball, 56D)
Pedro Gómez to second
Batting: RHB Jesús Álvarez 0-0: Fly out, F8 (Flyball, 8RM)
Batting: RHB Júlio Mateo 0-0: Foul Ball, location: 2F
0-1: Ball
1-1: Foul Ball, location: 2F
1-2: Strikes out swinging
Top of the 8th over - 0 run(s), 2 hit(s), 0 error(s), 2 left on base; Phoenix 1 - Jersey City 4
BOTTOM OF THE 8TH
Jersey City Sun Caps batting - Pitching for Phoenix Hotspur Reserves : LHP Rick Mayer
Batting: LHB Marlon Randall 0-0: Ball
1-0: Called Strike
1-1: Fly out, F8 (Flyball, 8LD)
Batting: RHB Tony Quintana 0-0: Ball
1-0: Ball
2-0: Foul Ball, location: 2F
2-1: SINGLE (Groundball, 56S)
Batting: RHB Matt Brown 0-0: Called Strike
0-1: Ball
1-1: Fly out, F2 (Popup, 2LF)
Batting: RHB Bryan Wilson 0-0: Called Strike
0-1: Ball
1-1: Ball
2-1: Swinging Strike
2-2: Ball
3-2: Ground out 1-3 (Groundball, 13)
Bottom of the 8th over - 0 run(s), 1 hit(s), 0 error(s), 1 left on base; Phoenix 1 - Jersey City 4
TOP OF THE 9TH
Phoenix Hotspur Reserves batting - Pitching for Jersey City Sun Caps : RHP Armando Martínez
Pitching: RHP Suezo Sato
Now at SS: Ernest Miller
Now in RF: Anrrique Bolo
Batting: LHB Derek Blair 0-0: Bunted foul
0-1: Swinging Strike
0-2: Foul Ball, location: 2F
0-2: Foul Ball, location: 2F
0-2: Ball
1-2: Ball
2-2: SINGLE (Groundball, 6M)
Batting: RHB David Rivas 0-0: Ball
1-0: Swinging Strike
1-1: Called Strike
1-2: Fly out, F8 (Flyball, 8RM)
Batting: RHB Don McCord 0-0: Ball
1-0: Swinging Strike
1-1: Grounds into double play, 6-4-3 (Groundball, 6)
Top of the 9th over - 0 run(s), 1 hit(s), 0 error(s), 0 left on base; Phoenix 1 - Jersey City 4
This league is powered by Out of the Park Baseball, the baseball management simulation game for PC, Mac and Linux
Friday, July 8th, 2016 - OOTP Baseball 16.9 Build 39